 Dungeon Crawl Stone Soup version 0.25-a0-292-gaa31f046c4 (webtiles) character file.

Game seed: 422805126977082617, levelgen mode: deterministic

459 MirrMurr the Covert (level 6, 0/28 HPs)
             Began as a Spriggan Enchanter on Dec 15, 2019.
             Killed by nerve-wracking pain
             ... invoked by an orc priest
              (13 damage)
             ... on level 4 of the Dungeon.
             The game lasted 00:19:52 (7337 turns).

MirrMurr the Covert (Spriggan Enchanter)            Turns: 7337, Time: 00:19:53

Health: 0/28       AC:  2    Str:  6    XL:     6   Next: 78%
Magic:  1/12       EV: 18    Int: 16    God:
Gold:   181        SH:  0    Dex: 17    Spells: 2/11 levels left

rFire    . . .     SeeInvis +   a - +1 dagger
rCold    . . .     Gourm    .   (shield restricted)
rNeg     . . .     Faith    .   q - +0 robe
rPois    .         Spirit   .   (helmet restricted)
rElec    .         Reflect  .   (no cloak)
rCorr    .         Harm     .   (gloves unavailable)
MR       +....                  (boots unavailable)
Stlth    ++++......             (no amulet)
HPRegen  0.09/turn              (no ring)
MPRegen  0.13/turn              (no ring)

@: very slightly contaminated, very quick
A: very small, unfitting armour, see invisible, herbivore, speed 3, slow
metabolism 2
a: no special abilities


You were on level 4 of the Dungeon.
You were hungry.

You visited 1 branch of the dungeon, and saw 4 of its levels.

You collected 181 gold pieces.

Inventory:

Hand Weapons
 a - a +1 dagger (weapon)
 b - a +0 hunting sling
Missiles
 e - 2 boomerangs (quivered)
 j - 101 stones
 n - 43 poisoned darts
 s - 24 sling bullets
Armour
 q - a +0 robe (worn)
Scrolls
 g - a scroll of enchant armour {unknown}
 i - a scroll of identify
 k - a scroll of magic mapping
 l - a scroll of amnesia {unknown}
 m - 2 scrolls of teleportation
 o - a scroll of fear {unknown}
 p - 3 scrolls of remove curse {unknown}
Potions
 d - a potion of invisibility
 f - a potion of heal wounds
 h - a potion of curing
 r - a potion of might
Comestibles
 c - 2 rations


   Skills:
 - Level 5.0 Short Blades
 - Level 3.0 Dodging
 - Level 8.1 Stealth
 + Level 3.4 Spellcasting
 * Level 4.8 Hexes


You had 2 spell levels left.
You knew the following spells:

 Your Spells              Type           Power        Failure   Level  Hunger
a - Ensorcelled Hibernat  Hex/Ice        ##....       10%         2    ##.....
b - Confuse               Hex            ###.....     8%          3    ###....
c - Tukima's Dance        Hex            ###.....     8%          3    ###....
C - Corona                Hex            ###....      2%          1    None

Your spell library contained the following spells:

 Spells                   Type           Power        Failure   Level  Hunger
 Dazzling Flash           Conj/Hex       ##....       21%         3    ###....


Dungeon Overview and Level Annotations

Branches:
Dungeon (4/15)
 Temple: D:4-7

Altars:
Nemelex Xobeh
Ru


Innate Abilities, Weirdness & Mutations

You are very small and have problems with some larger weapons.
You are too small for most types of armour.
You have supernaturally acute eyesight. (SInv)
You are a herbivore.
You cover ground extremely quickly.
You need to consume almost no food.


Message History

You hit the orc wizard but do no damage.
The orc priest closely misses you. The orc wizard misses you.
Casting: Ensorcelled Hibernation (safe; 10% risk of failure)
Confirm with . or Enter, or press ? or * to list all spells.
Aiming: Ensorcelled Hibernation (safe; 10% risk of failure)
Press: ? - help, Shift-Dir - straight line, f - orc priest, p - orc wizard
Aim: an orc priest, wielding a +0 hand axe (lightly wounded, chance to defeat MR: 41%)
The orc priest resists with some effort.
The orc priest mumbles some strange prayers to Beogh against you.
Pain shoots through your body!
The orc wizard hits you with a +4 dagger.
You are too injured to fight recklessly!
Casting: Ensorcelled Hibernation (safe; 10% risk of failure)
Confirm with . or Enter, or press ? or * to list all spells.
You don't have enough magic to cast that spell.
Unknown command.
You are too injured to fight recklessly!
The orc priest calls down the wrath of Beogh upon you.
Pain shoots through your body!
You die...

,,,,,,..,,*
#.#.##.........##.#
,,,,,,,,,,*
#.#..'......#####.##
,,,,,,,,,,*
#.#.##...#### ##...
,,,,,,,,,,*
#...##...#######....
,,,,,,,,,,*
###.#######......#..
,,,,,,,,,,*
####.#######......###
,,,,,,,,,,*
#..oo.....##.........
,,,,,,,,,,*
#......##.##.....##.#
,,,,,,,,,,*
#...@............##.#
,,,,,,,,,,*
#.......>........##.#
***********
#................##.#
#...................#
#######..........####
#.............####
#......#.........#
#......#.........'
#......#.........#


You could see an orc priest and an orc wizard.

Vanquished Creatures
  A scorpion (D:4)
  An orc priest (D:2)
  4 hounds (D:4)
  An orc wizard (D:2)
  A worker ant (D:4)
  Robin (D:2)
  4 gnolls (D:3)
  5 adders
  A worm (D:3)
  4 dart slugs
  4 leopard geckos
  10 orcs
  7 bats
  5 giant cockroaches
  12 goblins
  3 hobgoblins
  5 jackals
  A quokka (D:4)
  A ball python (D:2)
  2 frilled lizards
  9 kobolds
  A quokka skeleton (D:3)
  10 rats
93 creatures vanquished.

Notes
Turn   | Place    | Note
-------+----------+-------------------------------------------
     0 | D:1      | MirrMurr the Spriggan Enchanter began the quest for the
                  | Orb.
     0 | D:1      | Reached XP level 1. HP: 9/9 MP: 5/5
   192 | D:1      | Reached XP level 2. HP: 13/13 MP: 6/6
   196 | D:1      | Learned a level 2 spell: Ensorcelled Hibernation
   280 | D:1      | Reached skill level 5 in Stealth
   898 | D:2      | Reached XP level 3. HP: 11/16 MP: 2/8
  1449 | D:2      | Noticed Robin
  1453 | D:2      | Reached skill level 6 in Stealth
  1814 | D:2      | Reached XP level 4. HP: 20/21 MP: 6/9
  1936 | D:2      | Learned a level 3 spell: Confuse
  2281 | D:2      | Found a sparkling altar of Nemelex Xobeh.
  2318 | D:2      | Killed Robin
  2940 | D:2      | Found a sparkling altar of Nemelex Xobeh.
  3695 | D:2      | Reached skill level 7 in Stealth
  3695 | D:2      | Reached XP level 5. HP: 21/24 MP: 2/10
  3883 | D:2      | Learned a level 3 spell: Tukima's Dance
  5166 | D:4      | Reached skill level 8 in Stealth
  5166 | D:4      | Reached XP level 6. HP: 27/28 MP: 6/11
  5193 | D:4      | Found a sacrificial altar of Ru.
  5430 | D:4      | Reached skill level 5 in Short Blades
  6490 | D:4      | HP: 1/28 [orc/+0 mace (5)]
  7337 | D:4      | Killed from afar by an orc priest

Levels and vault maps discovered:
D:1:      minmay_arrival_glassed_features, layout_basic, moated_statue
D:2:      layout_rooms, nemelex_lonely_heart_becter, uniq_robin
D:3:      layout_basic
D:4:      layout_basic, first_ration, nicolae_ru_the_path_less_chosen

Skill      XL: |  1  2  3  4  5  6 |
---------------+-------------------+-----
Stealth        | 5 6 7 8 |  8.1
Short Blades   | 2 3 4 5 |  5.0
Spellcasting   | 3 |  3.4
Hexes          | 4 |  4.8
Dodging        | |  3.0

Action                   |  1- 3 |  4- 6 || total
-------------------------+-------+-------++-------
Melee: Dagger            |   160 |   193 ||   353
 Cast: Ensorcelled Hiber |     9 |    52 ||    61
       Confuse           |       |    13 ||    13
  Use: Potion            |       |     2 ||     2
       Scroll            |       |     6 ||     6
 Stab: Sleeping          |    12 |    34 ||    46
       Distracted        |       |     1 ||     1
       Confused          |       |     1 ||     1
  Eat: Ration            |       |     5 ||     5
Armor: Robe              |    21 |     9 ||    30
Dodge: Dodged            |   158 |   146 ||   304

Table legend:
 A = Non-vault XP
 B = Vault XP
 C = Vault XP percentage of total XP
 D = Non-vault monster count
 E = Vault monster count
 F = Vault count percentage of total count
                 A         B        C        D         E       F
            +---------+---------+-------+---------+---------+-------
      Total |     622 |      35 |   5.3 |      82 |      11 |  11.8
            +---------+---------+-------+---------+---------+-------
        D:1 |      33 |       0 |   0.0 |      17 |       0 |   0.0
        D:2 |     143 |      35 |  19.7 |      21 |      11 |  34.4
        D:3 |     145 |       0 |   0.0 |      30 |       0 |   0.0
        D:4 |     301 |       0 |   0.0 |      14 |       0 |   0.0
            +---------+---------+-------+---------+---------+-------
